 Dungeon Crawl Stone Soup version 0.29.1-2-gbd0b4ee654 (webtiles) character file.

Game seed: 3827741182897287356

48 GorkyZ the Trooper (level 3, 0/29 HPs)
             Began as a Demonspawn Fighter on Nov 19, 2022.
             Slain by Sigmund
             ... wielding a +0 scythe
              (2 damage)
             ... on level 3 of the Dungeon.
             The game lasted 00:04:25 (1928 turns).

GorkyZ the Trooper (Demonspawn Fighter)             Turns: 1928, Time: 00:04:25

Health: 0/29       AC:  7    Str: 18    XL:     3   Next: 50%
Magic:  3/3        EV:  9    Int:  9    God:
Gold:   68         SH:  4    Dex: 12    Spells: 2/2 levels left

rFire   . . .      SeeInvis .   h - +3 hand axe (venom)
rCold   . . .      Faith    .   c - +0 buckler
rNeg    . . .      Spirit   .   b - +0 scale mail
rPois   .          Reflect  .   (no helmet)
rElec   .          Harm     .   i - +0 cloak
rCorr   .          Rampage  .   (no gloves)
Will    .....                   (no boots)
Stlth   ..........              (no amulet)
HPRegen 0.09/turn               (no ring)
MPRegen 0.08/turn               (no ring)

@: no status effects
A: hooves 1, powered by death 1
a: no special abilities


You were on level 3 of the Dungeon.
You visited 1 branch of the dungeon, and saw 3 of its levels.

You collected 68 gold pieces.

Inventory:

Hand Weapons
 a - a +0 war axe
 h - a +3 hand axe of venom (weapon)
Missiles
 k - 4 boomerangs (quivered)
Armour
 b - a +0 scale mail (worn)
 c - a +0 buckler (worn)
 i - a +0 cloak (worn)
Wands
 n - a wand of iceblast (11)
Scrolls
 e - 2 scrolls of fear
 g - 3 scrolls of identify
Potions
 d - a potion of might
 f - a potion of magic {unknown}
 j - 3 potions of curing
 l - a potion of flight {unknown}


   Skills:
 + Level 3.4 Fighting
 + Level 2.3 Axes
 + Level 3.1 Armour
 + Level 3.1 Shields


You had 2 spell levels left.
You didn't know any spells.
Your spell library contained the following spells:

 Spells                   Type           Power      Damage    Failure   Level
 Poisonous Vapours        Pois/Air       0%         N/A       94%         2
 Corpse Rot               Necr/Pois/Air  0%         N/A       100%        4


Dungeon Overview and Level Annotations

Branches:
Dungeon (3/15)

Altars:

Annotations:
D:3 Sigmund


Innate Abilities, Weirdness & Mutations

You have large cloven feet.
You regenerate a little health from kills.


Message History

Sigmund shouts!
You hear an angry hiss.
An adder comes into view.
Found 11 gold pieces.
Unknown command.
The adder attacks as you move away! The adder bites you but does no damage.
You closely miss the adder. You kick the adder.
The adder is moderately wounded.
The adder bites you but does no damage.
You hit the adder.
The adder is poisoned.
The adder is severely wounded.
The adder closely misses you.
Sigmund mumbles some strange words.
Sigmund flickers and vanishes!
Deactivating autopickup; reactivate with Ctrl-A.
You block the adder's attack.
You hit the adder.
You kill the adder!
You hear some strange, mumbled words.
You are confused.
You bump into the rock wall.
Something hits you.
You bump into the rock wall.
You hear some strange, mumbled words.
You are more confused.
You're too confused to move!
You hear some strange, mumbled words.
A magic dart appears from out of thin air!
The magic dart hits you. Something hits you but does no damage.
You bump into the rock wall.
Something hits you.
You bump into the rock wall.
Something hits you!
You bump into the rock wall.
Something hits you.
* * * LOW HITPOINT WARNING * * *
You miss something.
You feel less confused. Something hits you.
* * * LOW HITPOINT WARNING * * *
You miss something. Your kick misses something. Something hits you.
* * * LOW HITPOINT WARNING * * *
You slash something! Something hits you.
You die...

.............
............
..##...#..# ..#...#..#
#.#...#.# #.......#
#..####.#
#...##..####+###+#
#####.#.>...{@........
#.....########........
#.##### #........ #.#
#######+# ...#.#
...#.# ...#.# ...#.#
...#.#


There were no monsters in sight!

Vanquished Creatures
  2 adders
  2 orcs (D:3)
  3 bats
  An endoplasm (D:2)
  3 giant cockroaches
  4 goblins
  2 hobgoblins (D:1)
  A quokka (D:2)
  4 ball pythons
  A frilled lizard (D:1)
  A kobold (D:1)
  A rat (D:1)
25 creatures vanquished.

Notes
Turn   | Place    | Note
-------+----------+-------------------------------------------
     0 | D:1      | GorkyZ the Demonspawn Fighter began the quest for the Orb.
     0 | D:1      | Reached XP level 1. HP: 18/18 MP: 1/1
   128 | D:1      | Found a faded altar of an unknown god.
   128 | D:1      | Noticed an eye of devastation
   131 | D:1      | Noticed an eye of devastation
   131 | D:1      | Noticed a shining eye
   131 | D:1      | Noticed a floating eye
   439 | D:1      | Gained mutation: You regenerate a little health from kills.
                  | [demonic ancestry]
   439 | D:1      | Reached XP level 2. HP: 24/24 MP: 2/2
  1264 | D:2      | Gained mutation: You have large cloven feet. [demonic
                  | ancestry]
  1264 | D:2      | Reached XP level 3. HP: 29/29 MP: 3/3
  1904 | D:3      | Noticed Sigmund
  1927 | D:3      | HP: 1/29 [something (3)]
  1928 | D:3      | Slain by Sigmund

Illustrated notes

Levels and vault maps discovered:
D:1:      lightli_arrival_windingriver, layout_loops_corners,
          hellmonk_ecumenical_altar_watching_god, kennysheep_small_spiral,
          minmay_misc_feat_rows, minmay_misc_feat_secret_circle,
          minmay_pentomino_o4
D:2:      layout_basic
D:3:      layout_basic, nzn_wu_jian_council_hall, ebering_ghost_inner_flame,
          serial_shops, shop, shop, shop, shop, shop, uniq_terence,
          uniq_jessica, uniq_sigmund, uniq_natasha

Skill      XL: |  1  2 |
---------------+-------+-----
Axes           | 2 |  2.3
Armour         | 3 |  3.1
Shields        | 3 |  3.1
Fighting       | |  3.4

Action                   || total
-------------------------++-------
Melee: War axe           ||    14
       Hand axe          ||    48
       Kick              ||     5
  Use: Scroll            ||     7
Armor: Scale mail        ||    31
Dodge: Dodged            ||    25
Block: Buckler           ||    11
